 Dungeon Crawl Stone Soup version 0.28.0-53-g5a82cb258f (webtiles) character file.

Game seed: 9374930980296618908

95 Infinimo the Skirmisher (level 4, -1/49 HPs)
             Began as an Ogre Berserker on June 4, 2022.
             Was a Believer of Trog.
             Succumbed to an orc's poison
             ... on level 3 of the Dungeon.
             The game lasted 00:02:27 (2456 turns).

Infinimo the Skirmisher (Ogre Berserker)            Turns: 2456, Time: 00:02:27

Health: -1/49      AC:  3    Str: 23    XL:     4   Next: 66%
Magic:  4/4        EV: 10    Int:  8    God:    Trog [**....]
Gold:   72         SH:  0    Dex:  8    Spells: 3/3 levels left

rFire   . . .      SeeInvis .   a - +0 mace
rCold   . . .      Faith    .   (no shield)
rNeg    . . .      Spirit   .   b - +0 animal skin
rPois   .          Reflect  .   (helmet restricted)
rElec   .          Harm     .   (no cloak)
rCorr   .          Rampage  .   (gloves unavailable)
Will    .....                   (boots unavailable)
Stlth   +.........              (no amulet)
HPRegen 0.16/turn               (no ring)
MPRegen 0.09/turn               (no ring)

@: lethally poisoned (-1 -> -13), on berserk cooldown, attractive, flying,
slowed, invisible, very slow
A: large, unfitting armour, tough skin 1
a: Renounce Religion, Berserk, Trog's Hand


You were on level 3 of the Dungeon.
You worshipped Trog.
Trog was pleased with you.
You visited 1 branch of the dungeon, and saw 3 of its levels.

You collected 72 gold pieces.

Inventory:

Hand Weapons
 a - a +0 mace (weapon)
Missiles
 n - 6 poisoned darts (quivered)
Armour
 b - a +0 animal skin (worn)
Scrolls
 c - 2 scrolls of noise {unknown}
 e - a scroll of identify {unknown}
 f - 2 scrolls of enchant weapon {unknown}
 g - a scroll of immolation {unknown}
 h - 3 scrolls of amnesia {unknown}
 j - a scroll of magic mapping {unknown}
 m - 2 scrolls of vulnerability {unknown}


   Skills:
 + Level 4.9 Fighting
 * Level 3.9 Maces & Flails
 + Level 3.3 Dodging


You had 3 spell levels left.
You didn't know any spells.
Your spell library was empty.

Dungeon Overview and Level Annotations

Branches:
Dungeon (3/15)

Altars:
Vehumet


Innate Abilities, Weirdness & Mutations

You are too large for most types of armour.
You have tough skin. (AC +1)


Message History

You feel a strong urge to attack something.
You feel your anger nearly subside.
You are no longer berserk.
You are exhausted.
You feel yourself slow down.
The orc hits you with a +2 mace of venom!
You hit the orc.
The orc is moderately wounded.
The orc barely misses you.
The orc hits you with a +2 mace of venom.
You are poisoned.
You barely miss the orc.
The orc is lightly wounded.
You feel very sick.
The orc hits you with a +2 mace of venom.
You are more poisoned.
The orc misses you.
You hit the orc.
The orc is moderately wounded.
You feel extremely sick. The orc barely misses you.
Okay, then.
It was a potion of attraction.
You feel attractive to monsters.
You feel very sick. The orc barely misses you. x2
It was a potion of curing.
You feel better.
The orc hits you with a +2 mace of venom!
* * * LOW HITPOINT WARNING * * *
You are lethally poisoned!
It was a potion of flight.
You feel very buoyant.
You fly up into the air.
* * * LOW HITPOINT WARNING * * *
You feel very sick. The orc closely misses you.
The orc hits you with a +2 mace of venom.
* * * LOW HITPOINT WARNING * * *
It was a potion of invisibility.
You fade into invisibility!
You die...

.#.# #......## ####.#
.#.###.......#.......###
##..##.#.##..##......#..
##.......#.............
###.###...............
#..#.................
#.##................. #.
#..?...).......... #.
#..?......@o......
#....................
####.................
#.............##..
#..........##... .
############ ####


You could see an orc.

Vanquished Creatures
  2 adders
  A worm (D:2)
  5 dart slugs
  3 ball pythons
  5 endoplasms
  3 giant cockroaches
  8 goblins
  5 hobgoblins
  2 jackals (D:1)
  4 quokkas
  8 bats
  2 frilled lizards (D:2)
  7 kobolds
  3 rats
58 creatures vanquished.

Notes
Turn   | Place    | Note
-------+----------+-------------------------------------------
     0 | D:1      | Infinimo the Ogre Berserker began the quest for the Orb.
     0 | D:1      | Reached XP level 1. HP: 24/24 MP: 1/1
    66 | D:1      | Reached XP level 2. HP: 31/32 MP: 2/2
   212 | D:1      | Found a faded altar of an unknown god.
   590 | D:1      | Reached XP level 3. HP: 38/40 MP: 3/3
  1510 | D:2      | Reached ** piety under Trog
  1534 | D:2      | Reached XP level 4. HP: 49/49 MP: 4/4
  2407 | D:3      | Found a radiant altar of Vehumet.
  2455 | D:3      | HP: 2/49 [orc/+2 mace of venom (6)]
  2456 | D:3      | Succumbed to an orc's poison

Illustrated notes

Levels and vault maps discovered:
D:1:      mrwooster_arrival_statue_2, layout_basic,
          hellmonk_ecumenical_altar_pennies_from_heaven, lemuel_old_faithful
D:2:      layout_basic
D:3:      layout_rooms, lemuel_coloured_pillars_altar,
          nicolae_overflow_crystal_walls, serial_glass, glass_columns_b,
          glass_columns_a, feat_on_display, uniq_ijyb

Skill      XL: |  1  2 |
---------------+-------+-----
Maces & Flails | 3 |  3.9
Dodging        | 3 |  3.3
Fighting       | |  4.9

Action                   |  1- 3 |  4- 6 || total
-------------------------+-------+-------++-------
Melee: Mace              |   113 |    42 ||   155
       Punch             |     1 |       ||     1
Invok: Berserk           |     3 |     3 ||     6
  Use: Potion            |       |     4 ||     4
 Stab: Sleeping          |       |     1 ||     1
Armor: Animal skin       |    38 |    13 ||    51
Dodge: Dodged            |    77 |    34 ||   111
